 Dungeon Crawl Stone Soup version 0.31-a0-844-gdc52ec4e09 (webtiles) character file.

Game seed: 2970975941360210942

100 LeprechaunX the Changeling (level 4, -2/29 HPs)
             Began as an Octopode Shapeshifter on Sept 29, 2023.
             Was a Follower of Ru.
             Slain by an orc
             ... wielding a +0 dagger
              (4 damage)
             ... on level 3 of the Dungeon.
             The game lasted 00:02:14 (1898 turns).

LeprechaunX the Changeling (Octopode Shapeshifter)  Turns: 1898, Time: 00:02:15

Health: -2/29      AC:  1    Str: 15    XL:     4   Next: 74%
Magic:  4/4        EV: 13    Int: 12    God:    Ru [*.....]
Gold:   131        SH:  0    Dex: 11    Spells: 3/3 levels left

rFire   . .          .
                       - Unarmed
rCold   . . .        (no shield)
rNeg    . . .        (helmet currently unavailable)
rPois   .            (no amulet)
rElec   .            (no ring)
rCorr   .            (no ring)
SInv    .            (no ring)
Will    .....        (no ring)
Stlth   ++           (no ring)
HPRegen 0.24/turn    (no ring)
MPRegen 0.09/turn    (no ring)
                     (no ring)

%: inaccuracy (-5)
@: beast-form
A: beast (slay +2), almost no armour, amphibious, 8 rings, camouflage 1,
gelatinous body 1, missing an eye, (nimble swimmer 1), tentacles
a: Begin Untransformation, Renounce Religion


You were on level 3 of the Dungeon.
You worshipped Ru.
Ru was aware of your devotion.
You were a hulking beast.
You visited 1 branch of the dungeon, and saw 3 of its levels.

You collected 131 gold pieces.

Inventory:

Hand Weapons
 k - a +0 sling
Talismans
 b - a beast talisman (active)
 c - a flux talisman
Scrolls
 e - a scroll of noise {unknown}
 f - a scroll of torment {unknown}
 g - 2 scrolls of identify {unknown}
 i - a scroll of amnesia {unknown}
 j - a scroll of poison {unknown}
Potions
 a - a potion of lignification
 d - 2 potions of heal wounds {unknown}
 h - a potion of curing {unknown}


   Skills:
 + Level 2.0 Fighting
 + Level 2.7 Dodging
 + Level 3.5 Unarmed Combat
 * Level 3.9 Shapeshifting


You had 3 spell levels left.
You didn't know any spells.
Your spell library contained the following spells:

 Spells                   Type           Power      Damage    Failure   Level
 Hailstorm                Conj/Ice       0%         3d3       69%         3
 Summon Ice Beast         Ice/Summ       0%         N/A       97%         4
 Simulacrum               Ice/Necr       0%         N/A       100%        6


Dungeon Overview and Level Annotations

Branches:
Dungeon (3/15)

Altars:
Ru


Innate Abilities, Weirdness & Mutations

You are a hulking beast.
Your limbs bulge with bestial killing power. (Slay +2)
You cannot wear most types of armour.
You are amphibious.
You can wear up to eight rings at the same time.
Your skin changes colour to match your surroundings (Stealth+).
Your rubbery body absorbs attacks. (AC +1, EV +1)
You are missing an eye, making it more difficult to aim.
((You are camouflaged when in or above water. (Stealth+)))
You have tentacles for arms and can constrict up to eight enemies at once.


Message History

The orc hits you with a +0 dagger.
You tentacle-slap the orc.
The orc is severely wounded.
You constrict the orc.
You kill the orc!
The orc hits you with a +0 whip. The orc hits you with a +0 dagger.
You are too injured to fight recklessly!
You are too injured to fight recklessly!
You are too injured to fight recklessly!
Unknown command.
You closely miss the orc. Your grab misses the orc.
The orc hits you with a +0 dagger. The orc barely misses you.
The orc closely misses you.
Unknown command.
You closely miss the orc. Your grab misses the orc. You squeeze the orc.
You kill the orc!
The orc hits you with a +0 dagger.
* * * LOW HITPOINT WARNING * * *
The orc is stunned by your conviction and fails to attack.
Unknown command.
You tentacle-slap the orc. Your grab misses the orc.
The orc is moderately wounded.
The orc barely misses you. The orc misses you.
Unknown command.
You tentacle-slap the orc but do no damage.
Your grab misses the orc. You squeeze the orc, but do no damage.
The orc is moderately wounded.
The orc hits you with a +0 dagger.
* * * LOW HITPOINT WARNING * * *
You redirect the orc's attack!
The orc closely misses the orc.
You miss the orc. Your grab misses the orc. Your squeeze misses the orc.
The orc hits you with a +0 dagger.
* * * LOW HITPOINT WARNING * * *
The orc hits you with a +0 dagger.
* * * LOW HITPOINT WARNING * * *
Unknown command.
You closely miss the orc. You grab the orc. You constrict the orc.
The orc hits you with a +0 dagger.
You die...

... #.# ....
##.######## ....
#....>....# #.. #..####
#.# #.. #.....# #.#
#.### ###.###.###.#
#.#.##
#........##.###....####
................h)....+
#....##..####.#.oo..###
#.#.###..# #.#.....#
#.##.....# #.####..#
#.# .###.# #.. ..#
#..... ..# ### .## ###
.##### #


You could see 2 orcs.

Vanquished Creatures
  4 adders
  4 worms
  2 orcs (D:3)
  8 endoplasms
  3 giant cockroaches
  3 goblins
  4 hobgoblins
  2 jackals (D:3)
  5 kobolds
  5 quokkas
  5 ball pythons
  2 rats
47 creatures vanquished.

Notes
Turn   | Place    | Note
-------+----------+-------------------------------------------
     0 | D:1      | LeprechaunX the Octopode Shapeshifter began the quest for
                  | the Orb.
     0 | D:1      | Reached XP level 1. HP: 13/13 MP: 1/1
   156 | D:1      | Reached XP level 2. HP: 18/18 MP: 2/2
   742 | D:2      | Reached XP level 3. HP: 17/23 MP: 3/3
  1158 | D:2      | Reached XP level 4. HP: 21/29 MP: 4/4
  1417 | D:2      | Found a faded altar of an unknown god.
  1427 | D:2      | Prayed at the altar of an unknown god.
  1427 | D:2      | Became a worshipper of Ru the Awakened
  1446 | D:2      | Gained mutation: You are missing an eye, making it more
                  | difficult to aim. [Ru sacrifice]
  1446 | D:2      | Reached * piety under Ru
  1898 | D:3      | Slain by an orc

Illustrated notes

Levels and vault maps discovered:
D:1:      elethiomel_arrival_infinity_welcomes_careful_drivers,
          layout_loops_ring, minivault_26
D:2:      layout_loops_ring, ebering_ecumenical_altar_ruins
D:3:      layout_loops_corners

Skill      XL: |  1  2  3  4 |
---------------+-------------+-----
Fighting       | 2 |  2.0
Dodging        | |  2.7
Unarmed Combat | |  3.5
Shapeshifting  | |  3.9

Action                     |  1- 3 |  4- 6 || total
---------------------------+-------+-------++-------
  Melee: Unarmed           |    52 |    44 ||    96
         Tentacles         |    12 |     7 ||    19
         Constrict         |    10 |     5 ||    15
 Invoke: Sacrifice an Eye  |       |     1 ||     1
   Stab: Sleeping          |     7 |     4 ||    11
 Armour: Skin              |    13 |    20 ||    33
  Dodge: Dodged            |    17 |    23 ||    40

Table legend: (Time is in decaauts)
 A = Elapsed time spent in this place.
 B = Non-inter-level travel time spent in this place.
 C = Inter-level travel time spent in this place.
 D = Time resting spent in this place.
 E = Time spent auto-exploring this place.
 F = Levels seen in this place.
 G = Mean time per level.
                   A        B        C        D        E       F      G
               +--------+--------+--------+--------+--------+-----+--------+
         Total |   1891 |   1815 |     76 |      0 |   1523 |   3 |  630.3 |
       Dungeon |   1891 |   1815 |     76 |      0 |   1523 |   3 |  630.3 |
               +--------+--------+--------+--------+--------+-----+--------+

Top non-repeatable levels by time:
     D:2: 779 daAuts
     D:1: 716 daAuts
     D:3: 395 daAuts
